 Dungeon Crawl Stone Soup version 0.29.0-4-gdea44cf6ec (webtiles) character file.

Game seed: 344999520946681098

30 qw the Chopper (level 3, 0/21 HPs)
             Began as a Tengu Warper on Aug 28, 2022.
             Slain by a shadow imp (4 damage)
             ... summoned by Natasha
             ... on level 2 of the Dungeon.
             The game lasted 00:00:05 (940 turns).

qw the Chopper (Tengu Warper)                        Turns: 940, Time: 00:00:06

Health: 0/21       AC: 10    Str: 13    XL:     3   Next: 20%
Magic:  7/7        EV:  3    Int: 13    God:
Gold:   11         SH:  0    Dex: 13    Spells: 6/6 levels left

rFire   . . .      SeeInvis .   Y - +0 hand axe
rCold   . . .      Faith    .   (no shield)
rNeg    . . .      Spirit   .   g - +0 plate armour
rPois   .          Reflect  .   (helmet restricted)
rElec   .          Harm     .   (no cloak)
rCorr   .          Rampage  .   (no gloves)
Will    .....                   (boots unavailable)
Stlth   ..........              (no amulet)
HPRegen 0.07/turn               (no ring)
MPRegen 0.10/turn               (no ring)

@: no status effects
A: beak, talons 3
a: no special abilities


You were on level 2 of the Dungeon.
You visited 1 branch of the dungeon, and saw 2 of its levels.

You collected 61 gold pieces.
You spent 50 gold pieces at shops.


Innate Abilities, Weirdness & Mutations

You have a beak for a mouth.
You have claws for feet.


   Skills:
 - Level 2.0 Fighting
 + Level 3.9 Axes
 - Level 1.0 Throwing
 - Level 1.1 Armour
 - Level 2.1 Dodging
 - Level 2.0 Spellcasting
 - Level 2.4 Translocations


You had 6 spell levels left.
You didn't know any spells.
Your spell library contained the following spells:

 Spells                   Type           Power      Damage    Failure   Level
 Blink                    Tloc           14%        N/A       100%        2
 Gell's Gravitas          Tloc           7%         N/A       100%        3
 Lesser Beckoning         Tloc           7%         N/A       100%        3
 Teleport Other           Tloc           7%         N/A       100%        3
 Manifold Assault         Tloc           7%         N/A       100%        5

Inventory:

Hand Weapons
 j - a +0 club
 Y - a +0 hand axe (weapon)
Missiles
 d - 5 javelins (quivered)
Armour
 g - a +0 plate armour (worn)
Scrolls
 i - 2 scrolls of teleportation
Potions
 e - a potion of degeneration {unknown}
 f - a potion of magic {unknown}
 k - 2 potions of heal wounds

Dungeon Overview and Level Annotations

Branches:
Dungeon (2/15)

Altars:

Shops:
D:1 !

Annotations:
D:2 Natasha


Message History

897 ||| READING 3 scrolls labelled SECATA MUXTORI.
As you read the scroll labelled SECATA MUXTORI, it crumbles to dust.
You feel strangely unstable.
It was a scroll of teleportation.
You start waiting.
Your surroundings suddenly seem different.
Done exploring.
902 ||| DROPPING scroll of blinking.
You drop a scroll of blinking.
Done exploring.
(D) Dungeon
Where to? (* - list waypoints, ? - help)
What level of the Dungeon? (default 1, ? - help)
You see here a +0 short sword.
There is an open door here.
There is a stone staircase leading down here.
You climb downwards.
There is a stone staircase leading up here.
Existing waypoints: (2) D:1 Assign waypoint to what number? (0-9, D - delete waypoint) Waypoint 1 assigned to D:2.
Natasha, Servant of Life and Death comes into view.
Natasha hisses angrily.
Natasha stares at you and mumbles some strange words.
The magic dart hits you!
931 ||| FLEEEEING.
932 ||| FLEEEEING.
Natasha howls an incantation.
Natasha shimmers violently.
Natasha claws you but does no damage.
You barely miss Natasha. Natasha claws you.
You hit Natasha but do no damage. Natasha claws you.
You closely miss Natasha.
Natasha mumbles some strange words.
You hit the shadow imp but do no damage.
Your kick misses the shadow imp. You barely miss Natasha.
Natasha hisses.
Natasha claws you. The shadow imp hits you.
You die...

..... ...#
..h# ..# ..#
#.#
###########.#
#<......5@h.#
##########..#
#..# #..#
...# ##...
#.... #....
#.....


You could see Natasha and a shadow imp (summoned).

Vanquished Creatures
  A dart slug (D:1)
  2 endoplasms (D:1)
  2 goblins (D:1)
  2 hobgoblins (D:1)
  2 jackals (D:1)
  2 quokkas (D:1)
  3 ball pythons (D:1)
  7 bats (D:1)
  A frilled lizard (D:1)
  3 kobolds (D:1)
  A rat (D:1)
26 creatures vanquished.

Notes
Turn   | Place    | Note
-------+----------+-------------------------------------------
     0 | D:1      | qw the Tengu Warper began the quest for the Orb.
     0 | D:1      | Reached XP level 1. HP: 12/12 MP: 4/4
     0 | D:1      | 0 ||| qw: Version: 0.1-a-89-g26bdef1
     0 | D:1      | 0 ||| qw: Game counter: 219
     0 | D:1      | 0 ||| qw: Always use a shield: true
     0 | D:1      | 0 ||| qw: God list: Okawaru
     0 | D:1      | 0 ||| qw: Allow faded altars: false
     0 | D:1      | 0 ||| qw: Do Orc after D:15 true
     0 | D:1      | 0 ||| qw: Do second Lair branch before Depths: true
     0 | D:1      | 0 ||| qw: Lair rune preference: random
     0 | D:1      | 0 ||| qw: Plans: Normal
     0 | D:1      | 0 ||| PLANNING D:1-11
    19 | D:1      | 19 ||| Stepping ~*~*~tactically~*~*~ (stealth).
    81 | D:1      | 81 ||| Stepping ~*~*~tactically~*~*~ (stealth).
    89 | D:1      | Reached XP level 2. HP: 17/17 MP: 6/6
    93 | D:1      | Reached skill level 3 in Axes
   224 | D:1      | 224 ||| Stepping ~*~*~tactically~*~*~ (stealth).
   226 | D:1      | 226 ||| Stepping ~*~*~tactically~*~*~ (stealth).
   259 | D:1      | HP: 4/17 [ball python (3)]
   756 | D:1      | Reached XP level 3. HP: 21/21 MP: 7/7
   783 | D:1      | Found Inis's Distillery.
   793 | D:1      | 793 ||| SHOPLISTING 2 potions of haste (200 gold, have 61).
   793 | D:1      | 793 ||| SHOPLISTING 2 potions of heal wounds (100 gold,
                  | have 61).
   793 | D:1      | 793 ||| BUYING potion of heal wounds (50 gold).
   793 | D:1      | Bought a potion of heal wounds for 50 gold pieces
   885 | D:1      | 885 ||| UPGRADING to +0 plate armour.
   895 | D:1      | 895 ||| DROPPING +0 leather armour.
   896 | D:1      | 896 ||| READING scroll labelled ANOKHL GAB QOMI.
   897 | D:1      | 897 ||| READING 3 scrolls labelled SECATA MUXTORI.
   902 | D:1      | 902 ||| DROPPING scroll of blinking.
   930 | D:2      | Noticed Natasha
   931 | D:2      | 931 ||| FLEEEEING.
   932 | D:2      | 932 ||| FLEEEEING.
   940 | D:2      | HP: 4/21 [Natasha (3)]
   940 | D:2      | Slain by a shadow imp

Levels and vault maps discovered:
D:1:      lemuel_arrival_rhombus, layout_rooms, serial_shops, shop_statue
D:2:      layout_basic, basic_ecumenical_altar, minmay_circle_x, uniq_natasha

Skill      XL: |  1  2 |
---------------+-------+-----
Axes           | 3 |  3.9
Fighting       | |  2.0
Throwing       | |  1.0
Armour         | |  1.1
Dodging        | |  2.1
Spellcasting   | |  2.0
Translocations | |  2.4

Action                   || total
-------------------------++-------
Melee: Hand axe          ||    50
       Peck              ||     5
       Kick              ||    10
Throw: Boomerang         ||     7
       Javelin           ||     8
  Use: Scroll            ||     2
Armor: Leather armour    ||    22
       Plate armour      ||     1
Dodge: Dodged            ||    33

Table legend:
 A = Non-vault XP
 B = Vault XP
 C = Vault XP percentage of total XP
 D = Non-vault monster count
 E = Vault monster count
 F = Vault count percentage of total count
                 A         B        C        D         E       F
            +---------+---------+-------+---------+---------+-------
      Total |      44 |       0 |   0.0 |      26 |       0 |   0.0
            +---------+---------+-------+---------+---------+-------
        D:1 |      44 |       0 |   0.0 |      26 |       0 |   0.0
            +---------+---------+-------+---------+---------+-------
